TOP OF THE 1ST |
Altoona Curve batting - Pitching for Harrisburg Senators : RHP Jim Sanders
|
Pitching: RHP Jim Sanders
|
|
Batting: LHB Sammy Roddenberry
|
0-0: Ball 1-0: Ground out 4-3 (Groundball, 4, EV 87.5 MPH)
|
Batting: RHB Jose Almonte
|
0-0: SINGLE (Line Drive, 7LS, EV 99.4 MPH)
|
Batting: LHB Nick Rooney
|
0-0: Ball 1-0: Swinging Strike 1-1: Ball 2-1: SINGLE (Groundball, 4MD, EV 108.1 MPH) Jose Almonte to second Runner from 2nd tries for 3rd, OUT! 8-5
|
Batting: RHB Etsuro Hosokawa
|
0-0: Ball Wild Pitch! Nick Rooney to second 1-0: Foul Ball, location: 2F 1-1: Called Strike 1-2: Strikes out swinging
|
Top of the 1st over - 0 runs, 2 hits, 0 errors, 1 left on base; Altoona 0 - Harrisburg 0 |
BOTTOM OF THE 1ST |
Harrisburg Senators batting - Pitching for Altoona Curve : RHP Jeremy Parsnip
|
Pitching: RHP Jeremy Parsnip
|
|
Batting: RHB Mike Buchanan
|
0-0: Ball 1-0: Foul Ball, location: 2F 1-1: Ball 2-1: Swinging Strike 2-2: Ball 3-2: Foul Ball, location: 2F 3-2: Strikes out looking
|
Batting: RHB Antonio Laurel
|
0-0: Foul Ball, location: 2F 0-1: Ground out 6-3 (Groundball, 6, EV 85.6 MPH)
|
Batting: LHB Kyung-jin Cho
|
0-0: Called Strike 0-1: Ball 1-1: Ball 2-1: Swinging Strike 2-2: Foul Ball, location: 2F 2-2: Ball 3-2: Ground out U3 (Groundball, 3L, EV 78.1 MPH)
|
Bottom of the 1st over - 0 runs, 0 hits, 0 errors, 0 left on base; Altoona 0 - Harrisburg 0 |
TOP OF THE 2ND |
Altoona Curve batting - Pitching for Harrisburg Senators : RHP Jim Sanders
|
Batting: RHB Freddy Quintero
|
0-0: Ball 1-0: Foul Ball, location: 2F 1-1: Foul Ball, location: 2F 1-2: Ball 2-2: Ball 3-2: Strikes out swinging
|
Batting: LHB Phil DeCamp
|
0-0: Ball 1-0: Ball 2-0: Called Strike 2-1: Swinging Strike 2-2: Ball 3-2: Strikes out swinging
|
Batting: RHB Richard Barrios
|
0-0: Called Strike 0-1: Fly out, F6 (Popup, 6M, EV 57.5 MPH)
|
Top of the 2nd over - 0 runs, 0 hits, 0 errors, 0 left on base; Altoona 0 - Harrisburg 0 |
BOTTOM OF THE 2ND |
Harrisburg Senators batting - Pitching for Altoona Curve : RHP Jeremy Parsnip
|
Batting: RHB Kevin Wick
|
0-0: Foul Ball, location: 2F 0-1: Ball 1-1: Ground out 5-3 (Groundball, 56, EV 85.0 MPH)
|
Batting: RHB Antonio Morado
|
0-0: Called Strike 0-1: Fly out, F8 (Flyball, 8LS, EV 90.6 MPH)
|
Batting: RHB Paul Shell
|
0-0: Swinging Strike 0-1: Ball 1-1: DOUBLE (Groundball, 5L, EV 108.1 MPH)
|
Batting: RHB Jon Buscher
|
0-0: Ball 1-0: Ball 2-0: Ball 3-0: Called Strike 3-1: Base on Balls
|
Batting: RHB Pat Drader
|
0-0: Ball 1-0: Called Strike 1-1: Ground out U3 (Groundball, 34, EV 106.2 MPH)
|
Bottom of the 2nd over - 0 runs, 1 hit, 0 errors, 2 left on base; Altoona 0 - Harrisburg 0 |
TOP OF THE 3RD |
Altoona Curve batting - Pitching for Harrisburg Senators : RHP Jim Sanders
|
Batting: SHB Curtis Thompson
|
0-0: Swinging Strike 0-1: Ball 1-1: Called Strike 1-2: Fly out, F2 (Popup, 5SF, EV 81.2 MPH)
|
Batting: RHB Pleun Smit
|
0-0: Ball 1-0: Foul Ball, location: 2F 1-1: Ball 2-1: Ground out U3 (Groundball, 3, EV 105.6 MPH)
|
Batting: LHB Sammy Roddenberry
|
0-0: Ball 1-0: Ball 2-0: Fly out, F9 (Flyball, 9D, EV 104.4 MPH)
|
Top of the 3rd over - 0 runs, 0 hits, 0 errors, 0 left on base; Altoona 0 - Harrisburg 0 |
BOTTOM OF THE 3RD |
Harrisburg Senators batting - Pitching for Altoona Curve : RHP Jeremy Parsnip
|
Batting: RHB Victor Cintron
|
0-0: Called Strike 0-1: Called Strike 0-2: Ball 1-2: Foul Ball, location: 2F 1-2: SINGLE (Groundball, 34S, EV 73.1 MPH) (infield hit)
|
Batting: RHB Mike Buchanan
|
0-0: Ball 1-0: Ball Victor Cintron steals 2nd base 2-0: Called Strike 2-1: Swinging Strike 2-2: Ball 3-2: Ground out 4-3 (Groundball, 4S, EV 82.5 MPH) Victor Cintron to third
|
Batting: RHB Antonio Laurel
|
0-0: Ball 1-0: Ball 2-0: Foul Ball, location: 2F 2-1: Fly out, F9 (Flyball, 89S, EV 75.6 MPH)
|
Batting: LHB Kyung-jin Cho
|
0-0: Swinging Strike 0-1: Ball 1-1: Foul Ball, location: 2F 1-2: Strikes out swinging
|
Bottom of the 3rd over - 0 runs, 1 hit, 0 errors, 1 left on base; Altoona 0 - Harrisburg 0 |
TOP OF THE 4TH |
Altoona Curve batting - Pitching for Harrisburg Senators : RHP Jim Sanders
|
Batting: RHB Jose Almonte
|
0-0: Ball 1-0: Called Strike 1-1: Ball 2-1: Swinging Strike 2-2: Strikes out swinging
|
Batting: LHB Nick Rooney
|
0-0: Ball 1-0: Ball 2-0: Swinging Strike 2-1: Called Strike 2-2: Ball 3-2: Strikes out looking
|
Batting: RHB Etsuro Hosokawa
|
0-0: Ball 1-0: SINGLE (Groundball, 56S, EV 61.9 MPH) (infield hit)
|
Batting: RHB Freddy Quintero
|
0-0: Ball 1-0: Ball 2-0: Swinging Strike 2-1: Swinging Strike 2-2: Strikes out swinging
|
Top of the 4th over - 0 runs, 1 hit, 0 errors, 1 left on base; Altoona 0 - Harrisburg 0 |
BOTTOM OF THE 4TH |
Harrisburg Senators batting - Pitching for Altoona Curve : RHP Jeremy Parsnip
|
Batting: RHB Kevin Wick
|
0-0: Ball 1-0: Called Strike 1-1: SOLO HOME RUN (Flyball, 78XD, EV 104.4 MPH), Distance : 406 ft
|
Batting: RHB Antonio Morado
|
0-0: Ball 1-0: Foul Ball, location: 2F 1-1: Called Strike 1-2: Foul Ball, location: 2F 1-2: Ball 2-2: Ball 3-2: Foul Ball, location: 2F 3-2: TRIPLE (Flyball, 78XD, EV 105.0 MPH)
|
Batting: RHB Paul Shell
|
0-0: Ground out 6-3 (Groundball, 6, EV 103.8 MPH) Antonio Morado scores
|
Batting: RHB Jon Buscher
|
0-0: SINGLE (Flyball, 8LS, EV 88.1 MPH)
|
Batting: RHB Pat Drader
|
0-0: Called Strike 0-1: Called Strike 0-2: Ball 1-2: Foul Ball, location: 2F 1-2: Foul Ball, location: 2F 1-2: Ball 2-2: Strikes out swinging
|
Batting: RHB Victor Cintron
|
0-0: Foul Ball, location: 2F 0-1: Ball 1-1: Ball 2-1: Ball 3-1: Called Strike 3-2: Ground out 6-3 (Groundball, 6D, EV 103.8 MPH)
|
Bottom of the 4th over - 2 runs, 3 hits, 0 errors, 1 left on base; Altoona 0 - Harrisburg 2 |
TOP OF THE 5TH |
Altoona Curve batting - Pitching for Harrisburg Senators : RHP Jim Sanders
|
Batting: LHB Phil DeCamp
|
0-0: Ball 1-0: Ball 2-0: Foul Ball, location: 2LF, Error on foul ball, E2 2-1: Ball 3-1: Ground out U3 (Groundball, 34S, EV 83.1 MPH)
|
Batting: RHB Richard Barrios
|
0-0: Called Strike 0-1: Ball 1-1: Ball 2-1: Called Strike 2-2: Ball 3-2: Strikes out swinging
|
Batting: SHB Curtis Thompson
|
0-0: Fly out, F7 (Line Drive, 7LM, EV 88.8 MPH)
|
Top of the 5th over - 0 runs, 0 hits, 1 error, 0 left on base; Altoona 0 - Harrisburg 2 |
BOTTOM OF THE 5TH |
Harrisburg Senators batting - Pitching for Altoona Curve : RHP Jeremy Parsnip
|
Batting: RHB Mike Buchanan
|
0-0: SINGLE (Line Drive, 4MD, EV 99.4 MPH)
|
Batting: RHB Antonio Laurel
|
0-0: Called Strike Mike Buchanan steals 2nd base 0-1: Called Strike 0-2: Ball 1-2: Foul Ball, location: 2F 1-2: Ball 2-2: Foul Ball, location: 2F 2-2: SINGLE (Groundball, 4D, EV 100.6 MPH) Mike Buchanan to third
|
Batting: LHB Kyung-jin Cho
|
0-0: Ball 1-0: Swinging Strike 1-1: Ball 2-1: Foul Ball, location: 2F 2-2: Ball 3-2: Fly out, F8 (Flyball, 8LM, EV 85.6 MPH) Runner from 3rd tags up, SCORES, throw by CF
|
Batting: RHB Kevin Wick
|
0-0: Ball 1-0: SINGLE (Groundball, 56D, EV 107.5 MPH) Antonio Laurel to second
|
Batting: RHB Antonio Morado
|
0-0: Fielders Choice at 2nd, 1-4 (Groundball, 25, EV 73.1 MPH) Antonio Laurel to third
|
Batting: RHB Paul Shell
|
0-0: Ball 1-0: SINGLE (Groundball, 56D, EV 101.9 MPH) Antonio Laurel scores Antonio Morado to second
|
Batting: RHB Jon Buscher
|
0-0: Called Strike 0-1: Ball 1-1: Fielders Choice at 2nd, 6-4 (Groundball, 6, EV 78.8 MPH)
|
Bottom of the 5th over - 2 runs, 4 hits, 0 errors, 2 left on base; Altoona 0 - Harrisburg 4 |
TOP OF THE 6TH |
Altoona Curve batting - Pitching for Harrisburg Senators : RHP Jim Sanders
|
Batting: RHB Pleun Smit
|
0-0: Ball 1-0: Ground out 6-3 (Groundball, 56, EV 106.9 MPH)
|
Batting: LHB Sammy Roddenberry
|
0-0: Ball 1-0: Ball 2-0: Ball 3-0: Called Strike 3-1: Foul Ball, location: 2F 3-2: Foul Ball, location: 2F 3-2: Foul Ball, location: 2F 3-2: Foul Ball, location: 2F 3-2: Ground out 6-3 (Groundball, 6D, EV 101.2 MPH)
|
Batting: RHB Jose Almonte
|
0-0: Called Strike 0-1: Ball 1-1: SINGLE (Groundball, 6M, EV 106.9 MPH)
|
Batting: LHB Nick Rooney
|
0-0: Foul Ball, location: 2F 0-1: Ground out 6-3 (Groundball, 6S, EV 68.1 MPH)
|
Top of the 6th over - 0 runs, 1 hit, 0 errors, 1 left on base; Altoona 0 - Harrisburg 4 |
BOTTOM OF THE 6TH |
Harrisburg Senators batting - Pitching for Altoona Curve : RHP Jeremy Parsnip
|
Batting: RHB Pat Drader
|
0-0: Ball 1-0: Ball 2-0: Fly out, F6 (Flyball, 6MD, EV 86.2 MPH)
|
Batting: RHB Victor Cintron
|
0-0: Ball 1-0: Swinging Strike 1-1: SINGLE (Line Drive, 6M, EV 102.5 MPH)
|
Batting: RHB Mike Buchanan
|
Pickoff Play to 1st, Runner tries for 2nd, OUT after rundown. 0-0: Called Strike 0-1: Ball 1-1: Ball 2-1: Ball 3-1: Base on Balls
|
Batting: RHB Antonio Laurel
|
0-0: Foul Ball, location: 2F 0-1: Ball Mike Buchanan steals 2nd base 1-1: DOUBLE (Flyball, 89XD, EV 103.1 MPH) Mike Buchanan scores
|
Batting: LHB Kyung-jin Cho
|
0-0: Ball 1-0: Ball 2-0: Ball 3-0: Called Strike 3-1: Foul Ball, location: 2F 3-2: Foul Ball, location: 2F 3-2: Strikes out swinging
|
Bottom of the 6th over - 1 run, 2 hits, 0 errors, 1 left on base; Altoona 0 - Harrisburg 5 |
TOP OF THE 7TH |
Altoona Curve batting - Pitching for Harrisburg Senators : RHP Jim Sanders
|
Batting: RHB Etsuro Hosokawa
|
0-0: Ball 1-0: Swinging Strike 1-1: Ball 2-1: Ball 3-1: Ground out 5-3 (Groundball, 5, EV 87.5 MPH)
|
Batting: RHB Freddy Quintero
|
0-0: Called Strike 0-1: Fly out, F7 (Flyball, 7, EV 90.6 MPH)
|
Batting: LHB Phil DeCamp
|
0-0: Ball 1-0: Ball 2-0: Ball 3-0: Base on Balls
|
Pitching: RHP Chris Close
|
|
Batting: RHB Richard Barrios
|
0-0: SINGLE (Groundball, 6MD, EV 85.0 MPH) (infield hit) Phil DeCamp to second
|
Batting: SHB Curtis Thompson
|
0-0: Called Strike 0-1: Ball 1-1: Ball 2-1: Ball 3-1: Called Strike 3-2: Ground out 4-3 (Groundball, 4, EV 77.5 MPH)
|
Top of the 7th over - 0 runs, 1 hit, 0 errors, 2 left on base; Altoona 0 - Harrisburg 5 |
BOTTOM OF THE 7TH |
Harrisburg Senators batting - Pitching for Altoona Curve : RHP Jeremy Parsnip
|
Pitching: RHP Francisco Castillo
|
|
Batting: RHB Kevin Wick
|
0-0: Ball 1-0: Foul Ball, location: 2F 1-1: Swinging Strike 1-2: Ball 2-2: Ball 3-2: Base on Balls
|
Batting: RHB Antonio Morado
|
0-0: Ball 1-0: Foul Ball, location: 2F 1-1: Ball 2-1: Ball 3-1: Foul Ball, location: 2F 3-2: Foul Ball, location: 2F 3-2: Foul Ball, location: 2F 3-2: Foul Ball, location: 2F 3-2: Foul Ball, location: 2F 3-2: Foul Ball, location: 2F 3-2: Strikes out looking
|
Batting: RHB Paul Shell
|
0-0: Ball 1-0: Called Strike Kevin Wick is caught stealing 2nd base 2-4 1-1: Foul Ball, location: 2F 1-2: Foul Ball, location: 2F 1-2: Ball 2-2: Ball 3-2: Foul Ball, location: 2F 3-2: DOUBLE (Line Drive, 7LS, EV 111.2 MPH)
|
Batting: RHB Jon Buscher
|
0-0: Ball 1-0: Foul Ball, location: 2F 1-1: Ball 2-1: Swinging Strike 2-2: Ground out 4-3 (Groundball, 4MD, EV 105.6 MPH)
|
Bottom of the 7th over - 0 runs, 1 hit, 0 errors, 1 left on base; Altoona 0 - Harrisburg 5 |
TOP OF THE 8TH |
Altoona Curve batting - Pitching for Harrisburg Senators : RHP Chris Close
|
Batting: RHB Pleun Smit
|
0-0: Foul Ball, location: 2F 0-1: Swinging Strike 0-2: Ball 1-2: SINGLE (Line Drive, 8LS, EV 95.0 MPH)
|
Batting: LHB Sammy Roddenberry
|
0-0: Foul Ball, location: 2F 0-1: Ball 1-1: Foul Ball, location: 2F 1-2: Ground out 5-3 (Groundball, 5, EV 84.4 MPH) Pleun Smit to second
|
Batting: RHB Jose Almonte
|
0-0: Ball 1-0: Ball 2-0: Foul Ball, location: 2F 2-1: Ball 3-1: Foul Ball, location: 2F 3-2: Fly out, F8 (Flyball, 89D, EV 85.6 MPH) Runner from 2nd tags up, SAFE at 3rd, no throw by CF
|
Batting: LHB Nick Rooney
|
0-0: Foul Ball, location: 2F 0-1: Ball 1-1: Ball 2-1: Ball 3-1: Called Strike 3-2: SINGLE (Groundball, 5D, EV 110.6 MPH) Pleun Smit scores
|
Batting: RHB Etsuro Hosokawa
|
0-0: Ball 1-0: Called Strike 1-1: Ball 2-1: Fielders Choice at 2nd, 6-4 (Groundball, 6, EV 85.0 MPH)
|
Top of the 8th over - 1 run, 2 hits, 0 errors, 1 left on base; Altoona 1 - Harrisburg 5 |
BOTTOM OF THE 8TH |
Harrisburg Senators batting - Pitching for Altoona Curve : RHP Francisco Castillo
|
Batting: RHB Pat Drader
|
0-0: Ball 1-0: Called Strike 1-1: Ball 2-1: Swinging Strike 2-2: SINGLE (Groundball, 6MD, EV 94.4 MPH)
|
Batting: RHB Victor Cintron
|
0-0: Ball 1-0: Ball Pat Drader steals 2nd, throwing error, E2 Pat Drader to third 2-0: Swinging Strike 2-1: SINGLE (Groundball, 56S, EV 68.8 MPH) (infield hit) Pat Drader scores
|
Batting: RHB Mike Buchanan
|
0-0: Called Strike 0-1: Ball 1-1: Foul Ball, location: 2F 1-2: Fly out, F4 (Line Drive, 4, EV 66.2 MPH)
|
Batting: RHB Antonio Laurel
|
0-0: Fly out, F7 (Flyball, 7S, EV 84.4 MPH)
|
Batting: LHB Kyung-jin Cho
|
0-0: Ball 1-0: Ball 2-0: Called Strike 2-1: Ball 3-1: Foul Ball, location: 2F 3-2: Fly out, F7 (Line Drive, 78S, EV 110.0 MPH)
|
Bottom of the 8th over - 1 run, 2 hits, 1 error, 1 left on base; Altoona 1 - Harrisburg 6 |
TOP OF THE 9TH |
Altoona Curve batting - Pitching for Harrisburg Senators : RHP Chris Close
|
Batting: RHB Freddy Quintero
|
0-0: Ball 1-0: Ball 2-0: Called Strike 2-1: Foul Ball, location: 2F 2-2: SINGLE (Groundball, P, EV 84.4 MPH) (infield hit)
|
Batting: LHB Phil DeCamp
|
0-0: Called Strike 0-1: Ball 1-1: Ball 2-1: Swinging Strike 2-2: Strikes out swinging
|
Batting: RHB Richard Barrios
|
0-0: Ball 1-0: Ball Passed Ball! Freddy Quintero to second 2-0: Fly out, F8 (Flyball, 8RD, EV 93.1 MPH)
|
Batting: SHB Curtis Thompson
|
0-0: SINGLE (Line Drive, 6D, EV 99.4 MPH) Freddy Quintero to third
|
Batting: RHB Pleun Smit
|
0-0: Ball 1-0: Foul Ball, location: 2F 1-1: Swinging Strike 1-2: Fly out, F8 (Flyball, 89M, EV 78.8 MPH)
|
Top of the 9th over - 0 runs, 2 hits, 0 errors, 2 left on base; Altoona 1 - Harrisburg 6 |
|